 Dungeon Crawl Stone Soup version 0.29.1-15-g9cfb28693d (webtiles) character file.

Game seed: 6558418837182382328

296 protoss039 the Digger (level 6, 46/46 HPs)
             Began as a Demonspawn Earth Elementalist on Mar 13, 2023.
             Got out of the dungeon alive.
             The game lasted 00:03:11 (3147 turns).

protoss039 the Digger (DsEE)                        Turns: 3147, Time: 00:03:12

Health: 46/46      AC:  7    Str:  8    XL:     6   Next: 12%
Magic:  19/19      EV: 11    Int: 18    God:
Gold:   119        SH:  0    Dex: 14    Spells: 8/11 levels left

rFire   . . .      SeeInvis .   l - +4 quarterstaff (chaos)
rCold   . . .      Faith    .   (shield currently unavailable)
rNeg    . . .      Spirit   .   k - +3 leather armour "Coin" {*Corrode rPois Stlth+}
rPois   +          Reflect  .   (no helmet)
rElec   .          Harm     .   m - +0 cloak
rCorr   .          Rampage  .   (no gloves)
Will    .....                   (no boots)
Stlth   +++.......              (no amulet)
HPRegen 0.15/turn               h - ring of magical power
MPRegen 0.16/turn               (no ring)

@: no status effects
A: demonic guardian 1, powered by pain 1
a: no special abilities


You escaped.
You visited 1 branch of the dungeon, and saw 3 of its levels.

You collected 171 gold pieces.
You spent 52 gold pieces at shops.

Inventory:

Hand Weapons
 l - a +4 quarterstaff of chaos (weapon)
Armour
 k - the +3 leather armour "Coin" (worn) {*Corrode rPois Stlth+}
   (You found it on level 2 of the Dungeon)

   rPois:     It protects you from poison.
   *Corrode:  It may corrode you when you take damage.
   Stlth:     It makes you more stealthy.
 m - a +0 cloak (worn)
Jewellery
 h - a ring of magical power (left hand)
Scrolls
 a - 3 scrolls of amnesia
 c - a scroll of fear
 d - 2 scrolls of identify
Potions
 b - 2 potions of magic
 e - 2 potions of haste
 f - a potion of ambrosia {unknown}
 g - 2 potions of resistance {unknown}
 i - 2 potions of curing
 j - a potion of flight {unknown}


   Skills:
 + Level 2.7 Fighting
 * Level 2.9 Armour
 - Level 1.7 Dodging
 - Level 1.7 Stealth
 + Level 3.2 Spellcasting
 - Level 0.8 Transmutations
 + Level 3.7 Earth Magic


You had 8 spell levels left.
You knew the following spells:

 Your Spells              Type           Power      Damage    Failure   Level
a - Sandblast             Erth           32%        2d9       4%          1
b - Passwall              Tmut/Erth      9%         N/A       13%         2

Your spell library contained the following spells:

 Spells                   Type           Power      Damage    Failure   Level
 Stone Arrow              Conj/Erth      18%        3d8       30%         3
 Ensorcelled Hibernation  Hex/Ice        4%         N/A       34%         2
 Poisonous Vapours        Pois/Air       4%         N/A       34%         2
 Spider Form              Tmut/Pois      4%         N/A       50%         3
 Petrify                  Tmut/Erth      11%        N/A       65%         4
 Anguish                  Hex/Necr       1%         N/A       92%         4
 Corpse Rot               Necr/Pois/Air  2%         N/A       92%         4


Dungeon Overview and Level Annotations

Branches:
Dungeon (3/15) Zot: 14810

Altars:
Makhleb

Shops:
D:1 !


Innate Abilities, Weirdness & Mutations

A weak demonic guardian rushes to your aid.
You sometimes gain a little power by taking damage.


Message History

The orc closely misses you.
You sock the orc!
You kill the orc!
The orc hits you with a +0 club. The orc barely misses you.
You hit the orc. You freeze the orc.
The orc is heavily wounded.
The orc hits you but does no damage.
You sock the orc!
You kill the orc!
The orc wizard barely misses you.
Unknown command.
You sock the orc wizard!
The orc wizard is heavily wounded.
The orc wizard barely misses you.
The orc wizard hits you but does no damage.
Unknown command.
You hit the orc wizard.
The orc wizard is almost dead.
The orc wizard hits you with a +0 dagger.
Unknown command.
You hit the orc wizard but do no damage.
Lightning courses through the orc wizard!
You kill the orc wizard!
Unknown command.
No target in view!
Unknown command.
Unknown command.
You see here a +0 whip.
There is a stone staircase leading up here.
You climb upwards.
There is a stone staircase leading down here.
(D) Dungeon
Where to? (Enter - D:3 @ (x,y), ? - help)
What level of the Dungeon? (default 1, ? - help)
There is a stone staircase leading up here.
You climb upwards.
There is a stone staircase leading down here.
There is a staircase leading out of the dungeon here.
Are you sure you want to leave the Dungeon?
This will make you lose the game!
You have escaped!

############ #...# #..........#
###...## #####
#..........###......## ....#
#...............###..###### ....#
#................###.......
....###.........######## #.....#.
....##.......####...# ###....#.
............##.....######...####.
#####......##...@.####....### #.
..# ##.....#............#### #.
..####.....#...(..##..##...### #.
...........#..########...#...###.
........#..#.##### #######.....
...........#...#.### ###...
...........#.......### #..#
.....##.#..###.......### ##.#
........(...#..........## ###


There were no monsters in sight!

Vanquished Creatures
  A black bear (D:3)
  An ogre (D:3)
  Crazy Yiuf (D:2)
  An orc wizard (D:3)
  An adder (D:2)
  A worm (D:2)
  3 dart slugs (D:1)
  4 orcs (D:3)
  4 endoplasms (D:2)
  A giant cockroach (D:2)
  6 goblins
  3 hobgoblins (D:1)
  4 kobolds
  A quokka (D:1)
  5 ball pythons
  7 bats
  2 frilled lizards
  7 rats
53 creatures vanquished.

Notes
Turn   | Place    | Note
-------+----------+-------------------------------------------
     0 | D:1      | protoss039 the Demonspawn Earth Elementalist began the
                  | quest for the Orb.
     0 | D:1      | Reached XP level 1. HP: 13/13 MP: 3/3
   402 | D:1      | Gained mutation: You sometimes gain a little power by
                  | taking damage. [demonic ancestry]
   402 | D:1      | Reached XP level 2. HP: 20/20 MP: 1/5
   629 | D:1      | Found Otzaal's Distillery.
   692 | D:1      | Reached skill level 1 in Fighting
  1059 | D:1      | Bought a potion of degeneration for 13 gold pieces
  1059 | D:1      | Bought a potion of curing for 39 gold pieces
  1357 | D:1      | Learned a level 2 spell: Passwall
  1530 | D:2      | Reached XP level 3. HP: 26/26 MP: 6/6
  1589 | D:2      | Found a burning altar of Makhleb.
  1697 | D:2      | Identified the +3 leather armour "Coin" {*Corrode rPois
                  | Stlth+}
  1865 | D:2      | Found a faded altar of an unknown god.
  1893 | D:2      | Reached skill level 1 in Armour
  2268 | D:2      | Found a runed translucent door.
  2269 | D:2      | Noticed Crazy Yiuf
  2399 | D:2      | Killed Crazy Yiuf
  2400 | D:2      | Reached XP level 4. HP: 18/33 MP: 8/8
  2569 | D:3      | Noticed an ogre
  2574 | D:3      | Killed an ogre
  2575 | D:3      | Reached XP level 5. HP: 19/38 MP: 9/9
  2766 | D:3      | Noticed a black bear
  2778 | D:3      | Killed a black bear
  3002 | D:3      | Gained mutation: A weak demonic guardian rushes to your
                  | aid. [demonic ancestry]
  3002 | D:3      | Reached XP level 6. HP: 46/46 MP: 10/10
  3147 | D:$      | Got out of the dungeon alive.

Illustrated notes

Levels and vault maps discovered:
D:1:      dpeg_arrival_arbitrary_a, layout_rooms, serial_shops,
          nicolae_shop_crystal, hangedman_decor_lopped
D:2:      layout_rooms, nicolae_ecumenical_pavilion, basic_altar,
          uniq_crazy_yiuf_cottage
D:3:      layout_basic

Skill      XL: |  1  2  3  4 |
---------------+-------------+-----
Fighting       | 1 2 |  2.7
Earth Magic    | 3 |  3.7
Armour         | 1 2 |  2.9
Spellcasting   | 3 |  3.2
Dodging        | |  1.7
Stealth        | |  1.7
Transmutations | |  0.8

Action                   |  1- 3 |  4- 6 || total
-------------------------+-------+-------++-------
Melee: Club              |     1 |       ||     1
       Dagger            |    21 |       ||    21
       Quarterstaff      |       |    17 ||    17
 Cast: Sandblast         |    64 |    11 ||    75
  Use: Scroll            |       |     3 ||     3
 Stab: Sleeping          |       |     2 ||     2
Armor: Robe              |     8 |       ||     8
       Leather armour    |    13 |    23 ||    36
Dodge: Dodged            |    51 |    27 ||    78
